Match 45205966
Unlisted

Match 45205966
End
Engineer Squad
Construct Weapon Support Center
Selects Heavy Weapons
M1919 Machine Gun Team
Bazooka Squad
Construct Medical Station
Construct Barracks
Riflemen Squad
Selects M2HB .50cal Heavy Machine Gun
M1 Mortar Team
M1919 Machine Gun Team
Infantry Support Center
Bazooka Squad
Riflemen Squad
Advanced Logistics
M1918 Browning Automatic Rifles
Grenade Package
Survival Training
Riflemen Squad
Riflemen Squad
Selects Assault Carriers
Selects Gallant Stand
Bazooka Squad
Captain Retinue
Munitions Surplus
Demolitions Package
Selects Black Dragon Artillery Barrage
Bazooka Squad
Improved M9 Bazooka Rockets
Black Dragon Artillery Barrage
Bazooka Squad
Selects Assault Carriers
Selects Exchangeable Parts
Black Dragon Artillery Barrage
Construct Tank Depot
M18 Hellcat Tank Destroyer
M18 Hellcat Tank Destroyer
M18 Hellcat Tank Destroyer
Engineer Squad
Black Dragon Artillery Barrage
Selects M26 Pershing Heavy Tank
M26 Pershing Heavy Tank
Engineer Squad
Engineer Squad
Brick_man
ClockworkVex
jaws2005
Tharrats
game
Vi
nexnbb
Guardian
0
0

Comments sign in to comment!

No comments posted yet!